 Dungeon Crawl Stone Soup version 0.23.2-1-ga50397a (webtiles) character file.

Game seed: 6979887208664935921

2788 Borgoz the Carver (level 9, -9/81 (82) HPs)
             Began as a Minotaur Monk on May 25, 2019.
             Was a Believer of Okawaru.
             Killed from afar by a wretched star (20 damage)
             ... with an orb of energy
             ... on level 1 of the Abyss.
             The game lasted 00:12:43 (7841 turns).

Borgoz the Carver (Minotaur Monk)                   Turns: 7841, Time: 00:12:43

HP:   -9/81 (82)    AC: 13    Str: 19    XL:     9   Next: 43%
MP:   8/8           EV: 11    Int:  3    God:    Okawaru [**....]
Gold: 533           SH:  0    Dex: 13    Spells: 8/8 levels left

rFire    . . .     SeeInvis .   s - +3 falchion
rCold    . . .     Gourm    .   (no shield)
rNeg     . . .     Faith    .   y - +1 chain mail {rPois}
rPois    +         Spirit   .   (helmet restricted)
rElec    .         Reflect  .   (no cloak)
rCorr    .         Harm     .   (no gloves)
MR       .....                  h - +0 pair of boots
Stlth    ..........             (no amulet)
HPRegen  0.23/turn              (no ring)
MPRegen  0.11/turn              (no ring)

@: no status effects
A: retaliatory headbutt, horns 2, [dopey 2]
a: Heroism, Renounce Religion


You were on level 1 of the Abyss.
You worshipped Okawaru.
Okawaru was pleased with you.
You were not hungry.

You visited 2 branches of the dungeon, and saw 11 of its levels.
You visited the Abyss 1 time.

You collected 533 gold pieces.

Inventory:

Hand Weapons
 a - a +0 falchion
 s - a +3 falchion (weapon)
Armour
 f - a +0 ring mail
 h - a +0 pair of boots (worn)
 l - a +1 scale mail of cold resistance
 y - a +1 chain mail of poison resistance (worn)
Wands
 q - a wand of polymorph (9)
 v - a wand of paralysis (8)
Scrolls
 b - 5 scrolls of remove curse
 d - a scroll of fear
 e - 3 scrolls of magic mapping {unknown}
 g - a scroll of blinking
 k - 3 scrolls of immolation
 m - 4 scrolls of amnesia
 o - 2 scrolls of fog {unknown}
 t - a scroll of vulnerability {unknown}
 u - 2 scrolls of teleportation {unknown}
Potions
 i - a potion of heal wounds
 j - 3 potions of lignification
 n - 4 potions of might
 p - 2 potions of cancellation {unknown}
 r - 2 potions of resistance
 w - 3 potions of flight
 z - a potion of haste {unknown}
Comestibles
 c - 23 rations


   Skills:
 + Level 8.6 Fighting
 + Level 8.7 Long Blades
 + Level 7.6 Armour
 + Level 7.8 Dodging
 - Level 1.5 Stealth


You had 8 spell levels left.
You didn't know any spells.
Your spell library was empty.

Dungeon Overview and Level Annotations

Branches:
Dungeon (10/15)            Temple (1/1) D:7
   Lair: D:8-11         Orc: D:9-12

Altars:
Ashenzari
Cheibriados
Dithmenos
Elyvilon
Fedhas
Gozag
Hepliaklqana
Makhleb
Nemelex Xobeh
Okawaru
Ru
Sif Muna
Trog
Uskayaw
Vehumet
Yredelemnul
Zin
The Shining One
Beogh

Annotations:
D:7 1 runed translucent door, Kahibar's ghost, novice DrEE
D:8 1 transporter, Joseph; Pikel


Innate Abilities, Weirdness & Mutations

You reflexively headbutt those who attack you in melee.
You have a pair of horns on your head.
[You are very dopey. (Int -4)]


Message History

The wretched star is lightly damaged.
The wretched star glows turbulently.
The orb of energy hits you!!
* * * LOW HITPOINT WARNING * * *
The orb of energy explodes!
You closely miss the wretched star.
The wretched star is lightly damaged.
The wretched star glows turbulently.
The orb of energy misses you.
Your chain mail prevents you from hitting the wretched star.
The wretched star is lightly damaged.
You closely miss the wretched star.
The wretched star is lightly damaged.
You hit the wretched star but do no damage.
The wretched star is lightly damaged.
You barely miss the wretched star. Your headbutt misses the wretched star.
The wretched star is lightly damaged.
The wretched star glows turbulently.
The orb of energy hits you!!
You die...

.## ...#..##. .#.
.# . .#.# #.#
...#.# .###
.......#
.##...##.### #.
#.#...
........#....# #.
......
.#.....#..#.....
#...#.###.....#.#
.## #
#...#........#.
##... .
#*#.#...### . ..#
. .##.#@..##.#
#... ..........#.
# ..###. .
.......#...##. #.
#.
.###...#.#.....
.. #.###.......
.... . ##
........ ####
..##'### .. . #


You could see a wretched star.

Vanquished Creatures
  A troll (D:9)
  Grinder (D:4)
  Sigmund (D:3)
  An ice beast (D:5)
  4 orc warriors
  3 sky beasts
  2 ogres
  A necrophage (D:6)
  A centaur (D:6)
  A big kobold (D:9)
  A bullfrog (D:6)
  2 scorpions
  2 crimson imps (D:7)
  2 orc priests (D:9)
  A hound (D:6)
  2 bullfrog skeletons
  2 iguanas
  8 orc wizards
  6 worker ants
  A hound skeleton (D:4)
  A worker ant zombie (D:6)
  8 adders
  A shadow imp (D:9)
  5 adder skeletons
  5 worms
  2 dart slugs
  3 leopard geckos
  49 orcs
  6 giant cockroaches
  7 goblins
  6 hobgoblins
  7 jackals
  3 quokkas
  2 ball pythons
  6 bats
  5 frilled lizards
  A jackal zombie (D:7)
  12 kobolds
  2 leopard gecko skeletons (D:4)
  A quokka zombie (D:6)
  4 rats
179 creatures vanquished.

Notes
Turn   | Place    | Note
-------+----------+-------------------------------------------
     0 | D:1      | Borgoz the Minotaur Monk began the quest for the Orb.
     0 | D:1      | Reached XP level 1. HP: 19/19 MP: 0/0
   248 | D:1      | Reached XP level 2. HP: 26/27 MP: 1/1
   273 | D:1      | Reached skill level 1 in Armour
   775 | D:2      | Reached XP level 3. HP: 33/33 MP: 2/2
   832 | D:2      | Found a bloodstained altar of Trog.
  1264 | D:2      | Reached XP level 4. HP: 12/41 MP: 3/3
  2059 | D:3      | Reached XP level 5. HP: 47/47 MP: 4/4
  2082 | D:3      | Noticed Sigmund
  2101 | D:3      | Killed Sigmund
  2101 | D:3      | Reached skill level 5 in Fighting
  2101 | D:3      | Reached skill level 5 in Long Blades
  2101 | D:3      | Reached XP level 6. HP: 35/56 MP: 5/5
  2300 | D:4      | Noticed Grinder
  2310 | D:4      | Paralysed by Grinder for 6 turns
  2323 | D:4      | Killed Grinder
  2323 | D:4      | Reached skill level 5 in Dodging
  2323 | D:4      | Reached XP level 7. HP: 24/62 MP: 6/6
  3700 | D:5      | Entered Level 5 of the Dungeon
  3715 | D:5      | Found a snail-covered altar of Cheibriados.
  3716 | D:5      | Found a basalt altar of Yredelemnul.
  3717 | D:5      | Found a sparkling altar of Nemelex Xobeh.
  3878 | D:5      | Found a glowing silver altar of Zin.
  3975 | D:5      | Reached skill level 5 in Armour
  4377 | D:5      | Reached XP level 8. HP: 50/71 MP: 7/7
  5231 | D:6      | Found a glowing golden altar of the Shining One.
  6103 | D:7      | Found a staircase to the Ecumenical Temple.
  6112 | Temple   | Entered the Ecumenical Temple
  6352 | Temple   | Became a worshipper of Warmaster Okawaru
  6352 | Temple   | Reached * piety under Okawaru
  6352 | Temple   | Reached ** piety under Okawaru
  6689 | D:7      | Reached XP level 9. HP: 80/80 MP: 8/8
  6727 | D:7      | Found a runed translucent door.
  6737 | D:7      | Noticed Kahibar's ghost (novice DrEE)
  6739 | D:7      | You fall through a shaft for 3 floors!
  6739 | D:10     | Entered Level 10 of the Dungeon
  6831 | D:9      | Found a roughly hewn altar of Beogh.
  7160 | D:9      | Noticed a troll
  7177 | D:9      | Killed a troll
  7347 | D:8      | Found a hazy altar of Hepliaklqana.
  7514 | D:8      | Found a transporter.
  7516 | D:8      | Noticed Pikel
  7786 | D:8      | Noticed Joseph
  7798 | D:8      | Cast into level 1 of the Abyss (Joseph)
  7801 | Abyss:1  | Found a corrupted altar of Lugonu.
  7827 | Abyss:1  | Noticed a wretched star
  7841 | Abyss:1  | Killed from afar by a wretched star

Skill      XL: |  1  2  3  4  5  6  7  8  9 |
---------------+----------------------------+-----
Armour         | 1 2 3 4 5 6 7 |  7.6
Fighting       | 4 5 6 7 8 |  8.6
Long Blades    | 4 5 6 8 |  8.7
Dodging        | 4 5 6 7 |  7.8
Stealth        | |  1.5

Action                   |  1- 3 |  4- 6 |  7- 9 || total
-------------------------+-------+-------+-------++-------
Melee: Falchion          |    67 |    85 |   333 ||   485
       Headbutt          |    10 |    25 |    78 ||   113
       Punch             |       |       |     1 ||     1
Invok: Heroism           |       |       |     2 ||     2
  Use: Scroll            |     1 |       |    11 ||    12
       Potion            |       |     2 |     1 ||     3
 Stab: Sleeping          |     3 |     2 |     1 ||     6
  Eat: Chunk             |     1 |     4 |    16 ||    21
       Ration            |       |       |     1 ||     1
Armor: Robe              |    16 |    17 |    15 ||    48
       Ring mail         |       |       |    62 ||    62
       Chain mail        |       |       |     2 ||     2
Dodge: Dodged            |    43 |    47 |   248 ||   338
       Rpst.: Falchion   |     8 |    16 |    61 ||    85
